 Dungeon Crawl Stone Soup version 0.30-a0-1043-g60ff8d5f49 (webtiles) character file.

Game seed: 8175847117320505467

23 GigaChad the Shield-Bearer (level 3, -3/29 HPs)
             Began as a Formicid Fighter on Apr 11, 2023.
             Succumbed to Sigmund's poison
             ... on level 2 of the Dungeon.
             The game lasted 00:01:23 (1167 turns).

GigaChad the Shield-Bearer (Formicid Fighter)       Turns: 1167, Time: 00:01:24

Health: -3/29      AC:  6    Str: 22    XL:     3   Next: 12%
Magic:  3/3        EV:  9    Int:  7    God:
Gold:   89         SH:  5    Dex: 13    Spells: 2/2 levels left

rFire   . . .      SeeInvis +    a - +0 war axe
rCold   . . .      Faith    .    c - +0 buckler
rNeg    . . .      Spirit   .    b - +0 scale mail
rPois   .          Reflect  .    (helmet unavailable)
rElec   .          Rampage  .    (no cloak)
rCorr   .                        (no gloves)
Will    .....                    (no boots) Stlth
                                 (no amulet)
HPRegen 0.24/turn                (no ring)
MPRegen 0.08/turn                (no ring)

@: lethally poisoned (-3 -> -13)
A: permanent stasis, dig shafts and tunnels, antennae 3, four strong arms
a: Dig, Shaft Self


You were on level 2 of the Dungeon.
You visited 1 branch of the dungeon, and saw 2 of its levels.

You collected 89 gold pieces.

Inventory:

Hand Weapons
 a - a +0 war axe (weapon)
Armour
 b - a +0 scale mail (worn)
 c - a +0 buckler (worn)
Scrolls
 f - a scroll of torment
Potions
 d - a potion of might
 e - a potion of brilliance {unknown}


   Skills:
 * Level 3.4 Fighting
 + Level 2.4 Axes
 + Level 3.5 Armour
 * Level 4.6 Shields


You had 2 spell levels left.
You didn't know any spells.
Your spell library contained the following spells:

 Spells                   Type           Power      Damage    Failure   Level
 Magic Dart               Conj           0%         1d3       82%         1
 Call Imp                 Summ           0%         N/A       91%         2
 Mephitic Cloud           Conj/Pois/Air  0%         N/A       99%         3


Dungeon Overview and Level Annotations

Branches:
Dungeon (2/15)

Altars:

Annotations:
D:2 Sigmund, Terence


Innate Abilities, Weirdness & Mutations

You cannot be hasted, slowed, berserked, paralysed or teleported.
You can dig through walls and to a lower floor.
You have a pair of large antennae on your head. (SInv)
Your four strong arms can wield two-handed weapons with a shield.


Message History

Terence and Sigmund come into view.
Sigmund is wielding a +2 scythe of venom.
Terence shouts!
Sigmund shouts!
Sigmund casts a spell.
Sigmund flickers and vanishes for a moment.
Sigmund casts a spell at you. The puff of flame hits you!
Terence screams, "I'm going to kill you!"
You block Sigmund's attack.
You closely miss Sigmund. You hit Terence. Terence barely misses you.
You block Sigmund's attack. Terence hits you with a +0 flail.
You closely miss Terence.
Terence is moderately wounded.
You hit Sigmund. Terence barely misses you.
Sigmund hits you but does no damage.
You are poisoned.
You barely miss Terence.
Terence is moderately wounded.
You slash Sigmund!
You feel very sick. Terence hits you but does no damage.
You block Sigmund's attack.
You are too injured to fight recklessly!
Unknown command.
You are too injured to fight recklessly!
Unknown command.
You are too injured to fight recklessly!
You hit Terence but do no damage.
Terence is moderately wounded.
You barely miss Sigmund.
You feel sick. Terence hits you but does no damage.
Sigmund hits you but does no damage.
You are lethally poisoned!
Terence hits you with a +0 flail!
* * * LOW HITPOINT WARNING * * *
* * * LOW HITPOINT WARNING * * *
You feel very sick. Terence barely misses you.
You barely miss Sigmund.
Sigmund is moderately wounded.
You slash Terence!
You die...

...# ##.# ##.# ...#.#
######## #..#.#######
#......#
#..#.#.....####......#
#..#.....# ...+......+
#<.#.....#.##.#@@....#
#..#.....#.#....@....#
####.....#.....#........
.........###.#.#........
...#.#...#.#.#.#........
...#.#...#.#.#.#........
...#.#.......#.#........
...#.....#####.#........
...###.....[...#........
...# #.......###


You could see Sigmund (invisible) and Terence.

Vanquished Creatures
  A dart slug (D:1)
  3 endoplasms
  3 giant cockroaches (D:1)
  2 hobgoblins (D:1)
  A kobold (D:1)
  A ball python (D:1)
  3 bats (D:1)
  2 frilled lizards (D:1)
  3 goblins (D:1)
19 creatures vanquished.

Notes
Turn   | Place    | Note
-------+----------+-------------------------------------------
     0 | D:1      | GigaChad the Formicid Fighter began the quest for the Orb.
     0 | D:1      | Reached XP level 1. HP: 18/18 MP: 1/1
   240 | D:1      | Reached XP level 2. HP: 16/24 MP: 2/2
   671 | D:1      | Reached XP level 3. HP: 29/29 MP: 3/3
  1158 | D:2      | Noticed Terence
  1158 | D:2      | Noticed Sigmund
  1166 | D:2      | HP: 1/29 [poisoned by Sigmund]
  1167 | D:2      | Succumbed to Sigmund's poison

Illustrated notes

Levels and vault maps discovered:
D:1:      matt_arrival_refuge, layout_basic, minmay_surrounded
D:2:      layout_basic, uniq_terence, uniq_sigmund

Action                     || total
---------------------------++-------
  Melee: War axe           ||    40
Ability: Dig               ||     3
    Use: Scroll            ||     2
 Armour: Scale mail        ||    14
  Dodge: Dodged            ||    20
  Block: Buckler           ||    12

Table legend: (Time is in decaauts)
 A = Elapsed time spent in this place.
 B = Non-inter-level travel time spent in this place.
 C = Inter-level travel time spent in this place.
 D = Time resting spent in this place.
 E = Time spent auto-exploring this place.
 F = Levels seen in this place.
 G = Mean time per level.
                   A        B        C        D        E       F      G
               +--------+--------+--------+--------+--------+-----+--------+
         Total |   1183 |   1159 |     24 |    252 |    734 |   2 |  591.5 |
       Dungeon |   1183 |   1159 |     24 |    252 |    734 |   2 |  591.5 |
               +--------+--------+--------+--------+--------+-----+--------+

Top non-repeatable levels by time:
     D:1: 1061 daAuts
     D:2: 122 daAuts
